 Dungeon Crawl Stone Soup version 0.20-a0-984-ge8aa303 (webtiles) character file.

61 MTVSty1e the Charmwright (level 4, -4/37 HPs)
             Began as a Bultungin Skald on Apr 10, 2017.
             Slain by Grinder (5 damage)
             ... while paralysed by Grinder
             ... on level 3 of the Dungeon.
             The game lasted 00:05:12 (2267 turns).

MTVSty1e the Charmwright (Bultungin Skald)          Turns: 2267, Time: 00:05:13

Health: -4/37      AC:  3    Str: 10    XL:     4   Next: 7%
Magic:  3/9        EV:  2    Int: 13    God:
Gold:   46         SH:  0    Dex: 14    Spells: 7/10 levels left

rFire    . . .     SeeInvis +   a - +0 short sword
rCold    . . .     Gourm    .   (no shield)
rNeg     . . .     Faith    .   i - +0 leather armour (curse)
rPois    .         Spirit   .   (no helmet)
rElec    .         Reflect  .   (no cloak)
rCorr    .         Harm     .   (no gloves)
MR       .....                  (no boots)
Stlth    +.........             (no amulet)
Regen    0.2/turn               (no ring)
MPRegen  0.2/turn               (no ring)

@: paralysed, hasted
A: short attention span, fangs 1, see invisible, strong nose
a: no special abilities


You were on level 3 of the Dungeon.
You were not hungry.

You visited 1 branch of the dungeon, and saw 3 of its levels.

You collected 46 gold pieces.

Inventory:

Hand Weapons
 a - a +0 short sword (weapon)
Armour
 b - a +0 leather armour
 i - a cursed +0 leather armour (worn)
Scrolls
 g - a scroll of teleportation
Potions
 f - a potion of ambrosia {unknown}
 h - 2 potions of haste
 j - a potion of flight {unknown}
Books
 c - a book of Battle

   Spells                             Type                      Level
   a - Infusion                       Charms                       1
   b - Shroud of Golubria             Charms/Translocation         2
   c - Song of Slaying                Charms                       2
   d - Spectral Weapon                Hexes/Charms                 3
   e - Regeneration                   Charms/Necromancy            3
Comestibles
 d - 3 bread rations


   Skills:
 * Level 3.9 Fighting
 + Level 3.6 Short Blades
 + Level 2.6 Armour
 + Level 3.8 Dodging
 + Level 3.8 Spellcasting
 + Level 4.8 Charms


You had 7 spell levels left.
You knew the following spells:

 Your Spells              Type           Power        Failure   Level  Hunger
a - Infusion              Chrm           ###.         4%          1    None
b - Song of Slaying       Chrm           ###.....     8%          2    ##.....


Dungeon Overview and Level Annotations

Branches:
Dungeon (3/15)

Altars:
Uskayaw
The Shining One

Annotations:
D:3 Grinder


Innate Abilities, Weirdness & Mutations

You have a short attention span.
You have very sharp teeth.
You have supernaturally acute eyesight. (SInv)
Your uncanny sense of smell can sniff out nearby items.


Message History

Grinder is severely wounded.
You hit Grinder.
Grinder is severely wounded.
Grinder gestures at you.
You suddenly lose the ability to move!
The bat hits you but does no damage. Grinder gestures at you.
Pain shoots through your body!
* * * LOW HITPOINT WARNING * * *
The bat hits you.
* * * LOW HITPOINT WARNING * * *
Grinder gestures at you.
You shrug off the repeated paralysis!
You are no longer magically infusing your attacks.
The bat hits you.
* * * LOW HITPOINT WARNING * * *
The teleport trap disappears.
The bat disappears!
Grinder hits you!
* * * LOW HITPOINT WARNING * * *
You writhe in agony.
You die...

∆ #... #..#
#..# # #..# .#
..#..###.## .
......%...## ..
..##5.§....#
...
#.##@#####.#
..##.#..#(..#.#
∆
........#(..#..
####.##%#####$.
#..........#
#.#)..._...#
#.###.....##
#.# ####.# #.#
>#


You could see Grinder and 2 dancing weapons.

Vanquished Creatures
  2 adders (D:2)
  A worm (D:2)
  2 dart slugs (D:1)
  4 bats
  A giant cockroach (D:2)
  6 goblins
  4 hobgoblins (D:1)
  2 jackals (D:1)
  3 kobolds
  2 ball pythons
  3 frilled lizards
  5 rats
35 creatures vanquished.

Notes
Turn   | Place    | Note
-------+----------+-------------------------------------------
     0 | D:1      | MTVSty1e the Bultungin Skald began the quest for the Orb.
     0 | D:1      | Reached XP level 1. HP: 18/18 MP: 4/4
   257 | D:1      | Reached XP level 2. HP: 20/24 MP: 6/6
  1027 | D:1      | Learned a level 2 spell: Song of Slaying
  1126 | D:2      | Reached XP level 3. HP: 25/29 MP: 8/8
  2030 | D:2      | Reached XP level 4. HP: 21/37 MP: 9/9
  2143 | D:2      | Found a glowing golden altar of the Shining One.
  2236 | D:3      | Noticed a dagger
  2236 | D:3      | Noticed a hand axe
  2237 | D:3      | Found a hide-covered altar of Uskayaw.
  2238 | D:3      | Noticed Grinder
  2240 | D:3      | Paralysed by Grinder for 7 turns
  2264 | D:3      | Paralysed by Grinder for 4 turns
  2267 | D:3      | HP: 1/37 [Grinder (7)]
  2267 | D:3      | Slain by Grinder

Vault maps used:
D:1:      minmay_arrival_nine_rooms
D:2:      nicolae_tso_swordbearing_angel, first_bread
D:3:      dancing_weapons_uskayaw, nicolae_ru_path_of_blood, uniq_grinder

Skill      XL: |  1  2  3 |
---------------+----------+-----
Armour         | 2 |  2.6
Fighting       | |  3.9
Short Blades   | |  3.6
Dodging        | |  3.8
Spellcasting   | |  3.8
Charms         | |  4.8

Action                   |  1- 3 |  4- 6 || total
-------------------------+-------+-------++-------
Melee: Short sword       |   149 |    31 ||   180
       Bite              |    15 |     4 ||    19
 Cast: Infusion          |     3 |     1 ||     4
  Use: Scroll            |     4 |       ||     4
       Potion            |       |     2 ||     2
  Eat: Royal jelly       |     1 |       ||     1
       Meat ration       |     1 |       ||     1
Armor: Leather armour    |    24 |     6 ||    30
Dodge: Dodged            |    92 |    16 ||   108
